 Dungeon Crawl Stone Soup version 0.22.1-1-ga44c0e56f4 (webtiles) character file.

871 ndruid the Spear-Bearer (level 8, -1/63 HPs)
             Began as a Merfolk Berserker on Nov 4, 2018.
             Was a Believer of Trog.
             Slain by an ogre
             ... wielding a cursed -2 giant club
              (12 damage)
             ... on level 6 of the Dungeon on Nov 5, 2018.
             The game lasted 00:30:44 (5987 turns).

ndruid the Spear-Bearer (Merfolk Berserker)         Turns: 5987, Time: 00:30:46

Health: -1/63      AC:  6    Str: 19      XL:     8   Next: 3%
Magic:  8/8        EV: 13    Int:  5 (6)  God:    Trog [**....]
Gold:   238        SH:  0    Dex: 13 (14) Spells: 7/7 levels left

rFire    . . .     SeeInvis .   i - +0 trident
rCold    . . .     Gourm    .   (no shield)
rNeg     . . .     Faith    .   G - +0 ring mail
rPois    .         Spirit   .   (no helmet)
rElec    .         Reflect  .   (no cloak)
rCorr    +         Harm     .   (no gloves)
MR       ++...                  w - +0 pair of boots
Stlth    +.........             (no amulet)
HPRegen  1.20/turn              g - ring of resist corrosion
MPRegen  0.11/turn              (no ring)

@: berserk cooldown, starving, regenerating, slowed, very slow
A: change form in water, swift swim, stealthy swim
a: Berserk, Trog's Hand, Renounce Religion


You were on level 6 of the Dungeon.
You worshipped Trog.
Trog was pleased with you.
You were starving.

You visited 1 branch of the dungeon, and saw 6 of its levels.

You collected 238 gold pieces.

Inventory:

Hand Weapons
 a - a +1 spear
 i - a +0 trident (weapon)
Missiles
 d - 257 stones (quivered)
 j - 4 silver javelins
 o - 91 arrows
 z - 5 curare-tipped needles
 D - 7 poisoned needles
Armour
 b - a +0 animal skin
 f - a +0 leather armour
 k - a +0 ring mail
 n - a +0 pair of gloves
 w - a +0 pair of boots (worn)
 G - a +0 ring mail (worn)
 T - a +0 ring mail
Jewellery
 g - a ring of resist corrosion (left hand)
 q - an uncursed ring of ice {unknown}
Scrolls
 e - a scroll of teleportation
 m - a scroll of amnesia
 H - 4 scrolls of remove curse
 L - 2 scrolls of fear
Potions
 c - a potion of mutation {unknown}
 V - a potion of heal wounds
Comestibles
 l - 6 rations


   Skills:
 + Level 5.5 Fighting
 + Level 8.5 Polearms
 + Level 3.5 Armour
 + Level 5.5 Dodging
 + Level 1.5 Stealth


You had 7 spell levels left.
You didn't know any spells.
Your spell library contained the following spells:

 Spells                   Type           Power        Failure   Level  Hunger
 Animate Skeleton         Necr           N/A          65%         1    ##.....
 Apportation              Tloc           #.....       65%         1    ##.....
 Confusing Touch          Hex            #.....       65%         1    ##.....
 Summon Small Mammal      Summ           #...         65%         1    ##.....


Dungeon Overview and Level Annotations

Branches:
Dungeon (6/15)
 Temple: D:4-7

Altars:


Message History

You barely miss the ogre.
A sky beast appears from thin air!
Reactivating autopickup.
The sky beast closely misses you. The ogre hits you with a giant club!
The sky beast closely misses you.
You hit the ogre.
The ogre is lightly wounded.
The ogre misses you. The sky beast barely misses you.
You hit the ogre but do no damage.
The ogre is lightly wounded.
The sky beast flickers out of sight!
Deactivating autopickup; reactivate with Ctrl-A.
Something hits you. Something shocks you. The ogre misses you.
You puncture the ogre!
The ogre is heavily wounded.
Something hits you.
* * * LOW HITPOINT WARNING * * *
Something shocks you.
* * * LOW HITPOINT WARNING * * *
The ogre hits you with a giant club!
You die...

###
#..
#.#
#.#
#.#
#.#
#O#
#@#
#{#
#.#
#.#
#..
###


You could see an ogre.

Vanquished Creatures
  2 phantoms (D:4)
  2 ogres
  A scorpion (D:5)
  A bullfrog zombie (D:5)
  A crimson imp (D:5)
  4 hounds
  An orc wizard (D:5)
  4 worker ants
  A hound skeleton (D:4)
  2 adders
  A shadow imp (D:5)
  A worm (D:2)
  A dart slug (D:1)
  5 leopard geckos
  21 orcs
  4 giant cockroaches
  4 goblins
  5 hobgoblins (D:1)
  15 jackals
  5 kobolds
  2 quokkas
  A ball python (D:1)
  8 bats
  A frilled lizard (D:2)
  A giant cockroach zombie (D:5)
  2 leopard gecko zombies (D:5)
  8 rats
104 creatures vanquished.

Notes
Turn   | Place    | Note
-------+----------+-------------------------------------------
     0 | D:1      | ndruid the Merfolk Berserker began the quest for the Orb.
     0 | D:1      | Reached XP level 1. HP: 18/18 MP: 1/1
   262 | D:1      | Reached XP level 2. HP: 13/24 MP: 2/2
   470 | D:1      | Reached skill level 5 in Polearms
   613 | D:1      | Reached XP level 3. HP: 23/30 MP: 3/3
   670 | D:1      | Reached ** piety under Trog
  1926 | D:2      | Reached XP level 4. HP: 37/37 MP: 4/4
  1964 | D:2      | Reached skill level 6 in Polearms
  3591 | D:4      | Reached XP level 5. HP: 38/42 MP: 5/5
  3681 | D:4      | Noticed an ogre
  3692 | D:4      | Killed an ogre
  3697 | D:4      | Reached XP level 6. HP: 44/48 MP: 6/6
  3750 | D:4      | Reached skill level 7 in Polearms
  3832 | D:4      | Noticed a phantom
  3916 | D:4      | Noticed a phantom
  4024 | D:4      | Killed a phantom
  4024 | D:4      | Reached skill level 1 in Stealth
  4666 | D:4      | Killed a phantom
  4666 | D:4      | Reached skill level 5 in Fighting
  4666 | D:4      | Reached XP level 7. HP: 49/56 MP: 7/7
  4798 | D:5      | Entered Level 5 of the Dungeon
  4808 | D:5      | Reached skill level 5 in Dodging
  4934 | D:5      | Reached skill level 8 in Polearms
  5594 | D:5      | Reached *** piety under Trog
  5842 | D:5      | Reached XP level 8. HP: 56/63 MP: 8/8
  5987 | D:6      | Slain by an ogre

Skill      XL: |  1  2  3  4  5  6  7 |
---------------+----------------------+-----
Polearms       | 5 6 7 8 |  8.5
Dodging        | 3 4 5 |  5.5
Fighting       | 4 5 |  5.5
Armour         | 2 3 |  3.5
Stealth        | 1 |  1.5

Action                   |  1- 3 |  4- 6 |  7- 9 || total
-------------------------+-------+-------+-------++-------
Melee: Spear             |   153 |   309 |   105 ||   567
       Trident           |       |       |    30 ||    30
Invok: Berserk           |     3 |     4 |     4 ||    11
       Trog's Hand       |     1 |     7 |     3 ||    11
  Use: Scroll            |     3 |     2 |     3 ||     8
       Potion            |       |       |     9 ||     9
 Stab: Distracted        |     1 |       |       ||     1
  Eat: Chunk             |     3 |     7 |     5 ||    15
       Ration            |     1 |     2 |     1 ||     4
Armor: Animal skin       |    31 |       |       ||    31
       Leather armour    |    13 |    13 |       ||    26
       Ring mail         |       |    51 |    41 ||    92
Dodge: Dodged            |   138 |   179 |    66 ||   383
